 Dungeon Crawl Stone Soup version 0.29-a0-214-g17f627cfee (webtiles) character file.

Game seed: 17810044798533474632

30 testman the Ruffian (level 3, -5/28 HPs)
             Began as a Draconian Transmuter on Feb 24, 2022.
             Was a Follower of Fedhas.
             Killed by divine providence
             ... invoked by an orc priest
              (12 damage)
             ... on level 2 of the Dungeon.
             The game lasted 00:06:14 (1291 turns).

testman the Ruffian (Draconian Transmuter)          Turns: 1291, Time: 00:06:15

Health: -5/28      AC:  5    Str: 12    XL:     3   Next: 3%
Magic:  5/6        EV: 12    Int: 15    God:    Fedhas [*.....]
Gold:   55         SH:  0    Dex: 11    Spells: 3/6 levels left

rFire   . . .      SeeInvis .     - Unarmed
rCold   . . .      Faith    .   (no shield)
rNeg    . . .      Spirit   .   (body armour unavailable)
rPois   .          Reflect  .   (helmet currently unavailable)
rElec   .          Harm     .   i - scarf {shadows}
rCorr   .          Rampage  .   (no gloves)
Will    .....                   (boots currently unavailable)
Stlth   +.........              (no amulet)
HPRegen 0.09/turn               (no ring)
MPRegen 0.10/turn               (no ring)

@: appendages (expiring)
A: horns 2, talons 2, AC +5, unfitting armour, cold-blooded
a: End Transformation, Renounce Religion


You were on level 2 of the Dungeon.
You worshipped Fedhas.
Fedhas was aware of your devotion.
You had temporarily grown beastly horns and talons.
You visited 1 branch of the dungeon, and saw 2 of its levels.

You collected 55 gold pieces.

Inventory:

Missiles
 e - 3 curare-tipped darts
 f - 46 stones
Armour
 i - a scarf of shadows (worn)
Scrolls
 a - a scroll of immolation {unknown}
 b - a scroll of identify {unknown}
 c - a scroll of teleportation {unknown}
 h - 2 scrolls of noise {unknown}
Potions
 d - a potion of heal wounds {unknown}
 g - 2 potions of curing {unknown}


   Skills:
 - Level 1.1 Fighting
 - Level 1.7 Dodging
 + Level 4.1 Unarmed Combat
 - Level 2.0 Spellcasting
 - Level 2.0 Transmutations
 + Level 0.5 Invocations


You had 3 spell levels left.
You knew the following spells:

 Your Spells              Type           Power      Damage    Failure   Level
a - Beastly Appendage     Tmut           14%        N/A       10%         1
b - Wereblood             Tmut           7%         N/A       14%         2

Your spell library contained the following spells:

 Spells                   Type           Power      Damage    Failure   Level
 Freeze                   Ice            4%         1d3       22%         1
 Passwall                 Tmut/Erth      3%         N/A       22%         2
 Ensorcelled Hibernation  Hex/Ice        2%         N/A       32%         2
 Spider Form              Tmut/Pois      4%         N/A       41%         3
 Frozen Ramparts          Ice            2%         1d2       54%         3
 Swiftness                Air            1%         N/A       54%         3
 Ice Form                 Ice/Tmut       4%         N/A       82%         4
 Hailstorm                Conj/Ice       1%         3d3       91%         4


Dungeon Overview and Level Annotations

Branches:
Dungeon (2/15)

Altars:
Fedhas

Shops:
D:1 :!(


Innate Abilities, Weirdness & Mutations

You have temporarily grown beastly horns and talons.
Your plain brown scales are hard. (AC +5)
You cannot fit into any form of body armour.
You are cold-blooded and may be slowed by cold attacks.


Message History

Your tail-slap misses the orc.
The orc is heavily wounded.
Your transformation is almost over.
The orc closely misses you.
You barely miss the orc.
The orc is heavily wounded.
The orc priest invokes the aid of Beogh against you.
Beogh smites you!
Ouch! That really hurt!
* * * LOW HITPOINT WARNING * * *
The orc barely misses you.
You closely miss the orc. Your kick misses the orc.
The orc is heavily wounded.
The orc barely misses you.
You hit the orc. You headbutt the orc.
You kill the orc!
Fedhas appreciates your contribution to the ecosystem.
You have reached level 3!
Your experience leads to an increase in your attributes!
Increase (S)trength, (I)ntelligence, or (D)exterity?
You feel clever. x2; Your scales feel tougher.
You hit the orc priest.
The orc priest is lightly wounded.
The orc priest completely misses you.
A ball python comes into view.
The ball python hisses angrily.
You hit the orc priest but do no damage.
Your kick misses the orc priest.
The orc priest is lightly wounded.
The orc priest barely misses you.
You hit the orc priest but do no damage.
Your kick misses the orc priest.
The orc priest is lightly wounded.
The orc priest closely misses you.
You barely miss the orc priest. You claw the orc priest.
The orc priest is heavily wounded.
The orc priest calls down the wrath of Beogh upon you.
Beogh smites you!
You die...
Fedhas appreciates your contribution to the ecosystem.

##...#####.#..............
#....#.....#...##...##....
#..........#..............
#..........#..............
..........................
..........................
....##...........##.......
.... #.....#.....##.......
... #.....#....@##.#....#
.. ###........o##.#.....
#<......##o .. ...
#....... .. #....... ...
###..... .... ..... #....
..... #...


You could see an orc priest and an orc.

Vanquished Creatures
  A dart slug (D:1)
  An orc (D:2)
  A ball python (D:1)
  A bat (D:1)
  4 endoplasms (D:1)
  A giant cockroach (D:1)
  3 goblins (D:1)
  4 hobgoblins
  A kobold (D:1)
  A quokka (D:1)
  A frilled lizard (D:1)
  3 rats (D:1)
22 creatures vanquished.

Notes
Turn   | Place    | Note
-------+----------+-------------------------------------------
     0 | D:1      | testman the Draconian Transmuter began the quest for the
                  | Orb.
     0 | D:1      | Reached XP level 1. HP: 16/16 MP: 3/3
   160 | D:1      | Found Taedeabb's Antique Weapon Emporium.
   238 | D:1      | Reached XP level 2. HP: 23/23 MP: 3/5
   241 | D:1      | Learned a level 2 spell: Wereblood
   390 | D:1      | Found Woasup's Distillery.
   851 | D:1      | Found Naesof's Book Shoppe.
   928 | D:1      | Found a faded altar of an unknown god.
   935 | D:1      | Reached skill level 4 in Unarmed Combat
   938 | D:1      | Prayed at the altar of an unknown god.
   938 | D:1      | Became a worshipper of Fedhas Madash
   938 | D:1      | Reached * piety under Fedhas
  1288 | D:2      | Reached XP level 3. HP: 6/28 MP: 4/6
  1291 | D:2      | Killed from afar by an orc priest

Illustrated notes

Levels and vault maps discovered:
D:1:      dpeg_arrival_refuge, layout_loops_corners, serial_shops,
          nicolae_shop_statue_plus, shop, shop_statue,
          dreamdust_ecumenical_altar_statues
D:2:      layout_basic

Skill      XL: |  1  2 |
---------------+-------+-----
Unarmed Combat | 4 |  4.1
Fighting       | |  1.1
Dodging        | |  1.7
Spellcasting   | |  2.0
Transmutations | |  2.0
Invocations    | |  0.5

Action                   || total
-------------------------++-------
Melee: Unarmed           ||    62
       Kick              ||    14
       Tailslap          ||     9
       Headbutt          ||     5
 Cast: Beastly Appendage ||    17
Armor: Skin              ||    12
Dodge: Dodged            ||    28

Table legend: (Time is in decaauts)
 A = Elapsed time spent in this place.
 B = Non-inter-level travel time spent in this place.
 C = Inter-level travel time spent in this place.
 D = Time resting spent in this place.
 E = Time spent auto-exploring this place.
 F = Levels seen in this place.
 G = Mean time per level.
                   A        B        C        D        E       F      G
               +--------+--------+--------+--------+--------+-----+--------+
         Total |   1286 |   1249 |     37 |     46 |   1015 |   2 |  643.0 |
       Dungeon |   1286 |   1249 |     37 |     46 |   1015 |   2 |  643.0 |
               +--------+--------+--------+--------+--------+-----+--------+

Top non-repeatable levels by time:
     D:1: 1235 daAuts
     D:2: 50 daAuts
